AoeStats
← [KBRA] sir_teleco

Arena

510087698Analyzed
1v1 RM · 3d ago on Sep 29, 2026· 45m 6s· 2 players
Game mode
Random Map
Map size
Tiny (2 player)
Population
200
Speed
Normal
Resources
Standard
Victory
Conquest
Starting age
Dark Age
Ending age
Imperial Age
RankedLock teamsTeams togetherTeam positionsShared explorationLock speedFull tech treeHidden civsTurbo modeCheats
Victory
Defeat
🇮🇩 Burgundians · Indonesia
1011
+15
🇪🇸 Turks · Spain
991
-15
[KBRA] sir_teleco
11:46 Feudal Age
16:40 Castle Age
15:14 Horse Collar
15:21 Double-Bit Axe
21:08 Imperial Age
21:39 Heavy Plow
23:52 Wheelbarrow
23:06 Town Watch
23:39 Scale Barding Armor
23:48 Forging
26:29 Chain Barding Armor
26:44 Husbandry
26:55 Bloodlines
27:54 Town Watch
27:56 Loom
33:55 Hand Cart
39:25 Conscription
41:05 Artillery
45:16 Artillery
tainankadij
6:59 Double-Bit Axe
6:55 Horse Collar
10:31 Feudal Age
9:54 Gold Mining
15:16 Castle Age
14:38 Gold Shaft Mining
14:21 Bow Saw
13:55 Horse Collar
15:27 Heavy Plow
20:48 Wheelbarrow
24:42 Hand Cart
27:41 Imperial Age
25:58 Gold Shaft Mining
25:48 Ballistics
26:40 Stone Mining
28:40 Two-Man Saw
28:06 Masonry
29:30 Chemistry
29:25 Stone Shaft Mining
28:38 Loom
28:39 Town Watch
30:37 Crop Rotation
32:16 Architecture
34:52 Conscription
35:30 Guilds
38:12 Padded Archer Armor
39:31 Leather Archer Armor
44:02 Burgundian Vineyards
Connection lost

Rejoining the realm…

Still unreachable

The connection could not be restored.

Session expired

The server has moved on; the page needs a fresh start.